Map: Romanticide LE

Players

dlol

  • Race: Protoss Protoss
  • League: Master
  • Spawn Location: 11:00

ViBE - Winner!

  • Race: Zerg Zerg
  • League: Gold
  • Spawn Location: 5:00

VOD

Have the link to the VOD?

Description

Time

  • Played on: March 20, 2021, 8:33 p.m.
  • Length: 18:50
Show
View Real Time Build Order
Export as new Build Order

dlol Protoss 

Build Orders: 1 Gate Expand 

Get SALT Encoding   

  12  0:01  Probe (Chrono Boost)  
  13  0:10  Probe (Chrono Boost)  
  14  0:18  Pylon  
  14  0:20  Probe  
  15  0:36  Probe, Gateway  
  16  1:08  Nexus  
  16  1:20  Pylon  
  16  1:30  Forge  
  16  1:31  Zealot  
  18  1:37  Assimilator  
  18  1:45  Cybernetics Core  
  18  1:48  Probe (Chrono Boost)  
  19  1:58  Zealot  
  19  2:00  Probe (Chrono Boost)  
  22  2:05  Probe (Chrono Boost)  
  23  2:18  Probe (Chrono Boost), Pylon  
  23  2:22  Probe (Chrono Boost)  
  25  2:30  Stalker  
  25  2:31  Probe (Chrono Boost)  
  25  2:36  Assimilator  
  28  2:38  Probe  
  28  2:41  Probe  
  30  2:55  Probe  
  30  3:06  Stalker  
  30  3:08  Probe (Chrono Boost)  
  34  3:13  Probe (Chrono Boost)  
  34  3:18  Probe (Chrono Boost)  
  35  3:22  Probe (Chrono Boost)  
  36  3:29  Stargate  
  36  3:30  Pylon  
  36  3:32  Probe (Chrono Boost)  
  37  3:34  Shield Battery  
  37  3:40  Probe (Chrono Boost), Stalker  
  40  3:46  Probe  
  41  3:57  Assimilator  
  41  3:59  Assimilator  
  41  4:04  Probe (Chrono Boost), Photon Cannon  
  41  4:06  Pylon  
  43  4:11  Probe (Chrono Boost)  
  43  4:16  Probe (Chrono Boost)  
  44  4:17  Void Ray, Stalker  
  44  4:20  Probe x2 (Chrono Boost)  
  53  4:32  Probe (Chrono Boost)  
  53  4:35  Probe (Chrono Boost)  
  54  4:42  Probe (Chrono Boost), Fleet Beacon  
  54  4:45  Probe (Chrono Boost)  
  56  4:47  Pylon  
  56  4:56  Pylon  
  56  4:59  Pylon  
  56  5:03  Pylon  
  57  5:07  Probe  
  57  5:08  Probe  
  58  5:23  Probe  
  58  5:25  Void Ray  
  59  5:30  Stalker  
  65  5:46  Nexus  
  65  5:47  Pylon  
  65  5:50  Shield Battery  
  65  5:51  Pylon  
  65  5:52  Shield Battery  
  65  5:55  Shield Battery  
  65  6:03  Protoss Shields Level 1  
  65  6:10  Cybernetics Core  
  65  6:12  Pylon  
  65  6:16  Protoss Air Armor Level 1  
  65  6:17  Tempest  
  70  6:32  Shield Battery  
  70  6:34  Shield Battery  
  70  6:38  Photon Cannon  
  70  6:40  Photon Cannon  
  70  6:43  Photon Cannon, Stalker  
  72  6:49  Probe (Chrono Boost)  
  72  6:54  Probe (Chrono Boost)  
  74  7:00  Probe (Chrono Boost)  
  74  7:01  Probe (Chrono Boost)  
  77  7:03  Probe (Chrono Boost)  
  77  7:08  Probe x2 (Chrono Boost)  
  79  7:10  Probe (Chrono Boost)  
  79  7:13  Probe (Chrono Boost)  
  81  7:16  Probe  
  81  7:19  Probe, Tempest  
  88  7:25  Probe  
  88  7:26  Protoss Air Weapons Level 1  
  88  7:28  Probe  
  90  7:31  Probe  
  90  7:33  Assimilator  
  92  7:37  Probe, Assimilator  
  92  7:42  Twilight Council  
  92  7:49  Probe  
  93  8:00  Nexus  
  93  8:01  Pylon  
  93  8:05  Pylon  
  93  8:21  Tempest  
  98  8:36  Nexus  
  98  8:38  Shield Battery  
  98  8:41  Shield Battery  
  98  8:45  Photon Cannon  
  98  8:47  Photon Cannon  
  98  8:49  Photon Cannon  
  98  8:51  Photon Cannon  
  98  8:53  Photon Cannon  
  98  8:56  Shield Battery  
  98  8:59  Stargate  
  98  9:01  Pylon, Stargate  
  98  9:07  Tempest  
  98  9:09  Probe (Chrono Boost)  
  104  9:17  Protoss Air Armor Level 2  
  104  9:19  Probe (Chrono Boost)  
  104  9:21  Photon Cannon  
  105  9:24  Probe (Chrono Boost), Photon Cannon  
  105  9:29  Protoss Shields Level 2  
  106  9:41  Assimilator  
  106  9:44  Assimilator  
  106  9:46  Tempest, Protoss Air Weapons Level 2  
  106  9:47  Tempest  
  116  9:57  Stargate x2  
  116  10:04  Probe (Chrono Boost)  
  117  10:08  Probe (Chrono Boost)  
  117  10:13  Probe (Chrono Boost)  
  120  10:14  Probe (Chrono Boost)  
  120  10:17  Probe (Chrono Boost)  
  120  10:21  Probe (Chrono Boost)  
  123  10:22  Probe (Chrono Boost)  
  123  10:24  Probe (Chrono Boost)  
  123  10:26  Probe (Chrono Boost)  
  125  10:29  Tempest x2  
  125  10:30  Probe  
  125  10:31  Tempest  
  125  10:33  Probe  
  142  10:38  Probe  
  142  10:42  Tempest x2, Probe  
  154  11:13  Unknown  
  154  11:14  Tempest x3, Nexus  
  154  11:17  Pylon  
  169  11:20  Pylon  
  169  11:23  Assimilator  
  169  11:25  Tempest  
  170  11:27  Assimilator  
  170  11:28  Tempest  
  141  12:03  Tempest  
  141  12:04  Tempest x2  
  148  12:26  Tempest x2, Probe (Chrono Boost)  
  151  12:32  Probe (Chrono Boost)  
  151  12:36  Probe (Chrono Boost)  
  153  12:40  Probe (Chrono Boost)  
  153  12:43  Probe (Chrono Boost)  
  155  12:45  Probe (Chrono Boost)  
  155  12:46  Tempest  
  161  12:56  Probe x2 (Chrono Boost)  
  164  13:02  Probe (Chrono Boost)  
  164  13:14  Probe  
  164  13:15  Probe x2  
  162  13:27  Probe x2  
  134  13:39  Probe x2  
  131  13:50  Tempest x5  
  131  13:51  Probe  
  131  13:52  Probe  
  158  13:58  Shield Battery  
  158  14:01  Shield Battery  
  158  14:04  Probe  
  158  14:05  Photon Cannon  
  158  14:08  Photon Cannon  
  159  14:10  Pylon  
  159  14:11  Photon Cannon  
  159  14:12  Pylon  
  159  14:13  Photon Cannon  
  159  14:14  Pylon  
  159  14:15  Photon Cannon  
  159  14:16  Probe  
  160  14:17  Pylon  
  160  14:18  Photon Cannon  
  160  14:19  Probe  
  160  14:20  Pylon  
  160  14:21  Pylon  
  160  14:23  Pylon  
  161  14:28  Probe  
  163  14:31  Probe, Protoss Shields Level 3  
  163  14:36  Tempest  
  168  14:43  Probe  
  169  14:55  Protoss Air Armor Level 3  
  169  14:56  Protoss Air Weapons Level 3  
  127  15:17  Tempest x2  
  127  15:18  Tempest x2  
  127  15:19  Tempest  
  127  16:11  Tempest x4  
  127  16:12  Tempest  
  137  17:19  Tempest  
  137  17:20  Tempest x4  
Show
View Real Time Build Order
Export as new Build Order

ViBE Zerg - Winner!

Build Orders: Hatch First 

Get SALT Encoding   

  12  0:01  Drone  
  13  0:14  Overlord  
  13  0:18  Drone  
  14  0:32  Drone x2  
  16  0:50  Hatchery  
  15  0:58  Drone x2  
  15  1:00  Drone  
  18  1:15  Spawning Pool  
  18  1:17  Drone  
  18  1:20  Drone  
  19  1:31  Drone  
  20  1:34  Extractor  
  19  1:46  Drone  
  20  1:54  Overlord  
  20  2:02  Queen x2  
  20  2:04  Drone x2  
  26  2:14  Overlord  
  26  2:20  Drone  
  27  2:25  Drone  
  28  2:30  Drone  
  29  2:38  Drone x2  
  29  2:42  Queen  
  29  2:43  Lair  
  33  2:51  Drone x2  
  35  3:03  Overlord  
  35  3:04  Drone  
  36  3:12  Drone  
  37  3:13  Drone x4  
  37  3:17  Roach Warren, Evolution Chamber  
  39  3:24  Drone x4  
  43  3:31  Drone  
  43  3:33  Overlord  
  44  3:46  Extractor  
  44  3:48  Extractor, Overlord x3  
  42  3:56  Hatchery, Zerg Missile Weapons Level 1, Glial Reconstitution  
  41  4:04  Roach  
  43  4:11  Drone x3  
  43  4:12  Drone  
  43  4:13  Drone  
  43  4:16  Drone  
  49  4:21  Roach  
  51  4:26  Roach  
  51  4:27  Roach  
  51  4:29  Overlord  
  55  4:31  Queen  
  55  4:34  Roach  
  55  4:37  Overlord  
  59  4:39  Roach  
  59  4:41  Roach  
  59  4:42  Drone x2  
  65  4:59  Drone x8  
  73  5:06  Drone  
  74  5:14  Drone x3  
  77  5:38  Drone x7  
  77  5:39  Drone x4  
  77  5:42  Extractor x2  
  86  5:44  Extractor  
  86  5:46  Hydralisk Den  
  86  5:49  Drone  
  85  5:50  Drone x2, Evolution Chamber  
  85  5:52  Zerg Missile Weapons Level 2  
  87  6:11  Drone x2  
  87  6:17  Grooved Spines  
  88  6:19  Zerg Ground Armor Level 1  
  88  6:20  Overlord x5  
  88  6:21  Overlord x2  
  88  7:10  Hydralisk  
  88  7:11  Hydralisk x14  
  88  7:15  Hydralisk  
  120  7:23  Drone  
  120  7:28  Muscular Augments  
  121  7:31  Hatchery  
  120  7:50  Drone  
  120  7:51  Drone x14  
  132  7:54  Drone  
  136  8:11  Drone x4  
  140  8:19  Zerg Ground Armor Level 2  
  138  8:22  Hatchery, Infestation Pit  
  136  8:28  Extractor  
  136  8:30  Extractor  
  136  8:32  Drone x4  
  136  8:36  Hydralisk x3  
  136  8:37  Hydralisk x5  
  152  9:17  Hive  
  152  9:25  Hatchery  
  152  9:26  Hatchery  
  150  9:41  Overlord x2  
  150  9:42  Overlord x5  
  150  10:03  Hydralisk x13  
  150  10:04  Hydralisk x8  
  192  10:07  Overseer  
  192  10:08  Overseer  
  192  10:10  Hydralisk x2  
  196  10:48  Hydralisk x2  
  200  11:03  Zerg Missile Weapons Level 3  
  200  11:05  Zerg Ground Armor Level 3  
  184  11:45  Hatchery  
  161  12:01  Hydralisk  
  161  12:02  Hydralisk x21  
  165  12:28  Hydralisk x13  
  165  12:29  Hydralisk x11  
  199  12:32  Hydralisk x3  
  199  12:33  Hydralisk x3  
  199  12:41  Overseer x3  
  199  12:43  Overlord x3  
  185  13:20  Unknown  
  156  13:41  Hydralisk  
  156  13:42  Hydralisk x22  
  156  13:44  Hydralisk  
  156  15:19  Hydralisk x5  
  156  15:20  Hydralisk x17  
  192  15:35  Lurker Den  
  157  16:06  Hydralisk x11  
  157  16:10  Drone x4  
  157  16:11  Drone  
  178  16:18  Hydralisk x12  
  166  16:19  Hydralisk x7  
  166  16:20  Hatchery  
  166  16:22  Overseer  
  166  16:23  Overseer x2  
  166  16:24  Overlord  
  166  16:25  Overlord x2  
  195  16:54  Hatchery  
  195  16:56  Drone  
  195  16:57  Hydralisk x2  
  195  17:18  Hydralisk  
  195  17:19  Hydralisk  
  171  18:28  Extractor x2  
  165  18:40  Hatchery  
Tags
 
Add a new tag
Caveats
  • Supply blocks, unpowered buildings, or Contaminate may cause inaccurate times.
  • Supply counts are checked every 10 seconds.